 Dungeon Sprint DCSS version 0.15-a0-1403-g2cecdf4 (webtiles) character file.

547 PolkaDot the Covert (level 7, -9/73 HPs)
             Began as a Vampire Gladiator on June 11, 2014.
             Was an Initiate of Qazlal.
             Mangled by a deep troll (10 damage)
             ... in the Dungeon (Sprint I: "Red Sonja").
             The game lasted 00:04:24 (238 turns).

PolkaDot the Covert (Vampire Gladiator)              Turns: 238, Time: 00:04:24

HP  -9/73        AC  4     Str 19      XL: 7   Next:  7%
MP   7/7         EV 16     Int 10      God: Qazlal [......]
Gold 281         SH  0     Dex 16      Spells:  0 memorised,  6 levels left

rFire  . . .     SeeInvis +     a - +0 cutlass
rCold  . . .     Clarity  .     e - +0 leather armour
rNeg   . . .     rCorr    .     (no shield)
rPois  .         rRot     .     c - +0 helmet
rElec  .         Spirit   .     (no cloak)
SustAb .         Warding  .     (no gloves)
rMut   .         NoTele   +     (no boots)
Gourm  .                        (no amulet)
MR     .....                    (no ring)
                                (no ring)

@: berserking (expiring), regenerating quickly, very quick, not resistant to
hostile enchantments, extremely unstealthy
A: bottle blood, fangs 3, see invisible, unbreathing
a: Bottle Blood, Renounce Religion


You were in the Dungeon.
You worshipped Qazlal.
Qazlal was noncommittal.
You were full.

You visited 1 branch You collected 281 gold pieces.

Inventory:

Hand weapons
 a - a +0,+0 cutlass (weapon)
 b - a +0 blowgun
Missiles
 d - a throwing net (quivered)
 l - 4 curare-tipped needles
Armour
 c - a +0 helmet (worn)
 e - a +0 leather armour (worn)
Scrolls
 k - a scroll of blinking
Potions
 f - a potion of curing
 g - a potion of heal wounds
 h - a potion of haste
 i - 2 potions of magic


   Skills:
 - Level 1.7 Fighting
 - Level 10.2 Short Blades
 - Level 1.5 Throwing
 - Level 5.2 Armour
 * Level 7.1 Dodging
 + Level 13.0 Stealth


You had 6 spell levels left.
You didn't know any spells.

Dungeon Overview and Level Annotations

Branches:
Dungeon (1/1)

Altars:
Elyvilon
Gozag
Kikubaaqudgha
Makhleb
Nemelex Xobeh
Okawaru
Qazlal
Sif Muna
Trog
Vehumet
Xom
Yredelemnul
Zin
The Shining One

Shops:
D (


Innate Abilities, Weirdness & Mutations

Your natural rate of healing is unusually fast.
You can bottle blood from corpses.
You have razor-sharp teeth.*
You have supernaturally acute eyesight.
You can survive without breathing.*


Message History

The deep troll is lightly wounded.
You puncture the deep troll!
The deep troll is heavily wounded.
The deep troll misses you. The deep troll completely misses you.
The deep troll claws you!
* * * LOW HITPOINT WARNING * * *
You closely miss the deep troll.
The deep troll is heavily wounded.
You barely miss the deep troll.
The deep troll is heavily wounded.
The deep troll barely misses you. The deep troll closely misses you.
The deep troll claws you!
* * * LOW HITPOINT WARNING * * *
You puncture the deep troll!
The deep troll is severely wounded.
Unknown command.
You hit the deep troll.
The deep troll is severely wounded.
The deep troll bites you!
You die...

#..#####'#####'#
#..####..#...#[#
#..#__####..##)#
#..#_..._##'#..+
#⌠⌠#_.∩...'..._#
####_..._##_.#'#
#_____###'#[#
#########.####+###
+...'@T.$$+
#.).####### ##.##
#+#


You could see a deep troll.

Vanquished Creatures
  Sonja (D)
  A yak (D)
  An ogre (D)
  Sigmund (D)
  A jelly (D)
  Ijyb (D)
6 creatures vanquished.

Vanquished Creatures (others)
  A gargoyle (D)
1 creature vanquished.

Grand Total: 7 creatures vanquished

Notes
Turn   | Place    | Note
--------------------------------------------------------------
     0 | D        | PolkaDot, the Vampire Gladiator, began the quest for the Orb.
     0 | D        | Reached XP level 1. HP: 16/16 MP: 1/1
     2 | D        | Noticed Ijyb
    18 | D        | Killed Ijyb
    18 | D        | Reached skill level 5 in Short Blades
    18 | D        | Reached XP level 2. HP: 22/22 MP: 2/2
    26 | D        | Noticed an ogre
    34 | D        | Killed an ogre
    34 | D        | Reached skill level 8 in Short Blades
    34 | D        | Reached XP level 3. HP: 9/27 MP: 3/3
    34 | D        | Reached XP level 4. HP: 11/33 MP: 4/4
   146 | D        | Noticed Sigmund
   148 | D        | Killed Sigmund
   148 | D        | Reached skill level 10 in Short Blades
   148 | D        | Reached XP level 5. HP: 38/38 MP: 5/5
   160 | D        | Found a deep blue altar of Sif Muna.
   161 | D        | Noticed a jelly
   162 | D        | Found a radiant altar of Vehumet.
   166 | D        | Killed a jelly
   166 | D        | Reached skill level 10 in Stealth
   190 | D        | Found Staceeg's Weapon Emporium.
   190 | D        | Found a white marble altar of Elyvilon.
   190 | D        | Found a stormy altar of Qazlal.
   190 | D        | Found a burning altar of Makhleb.
   190 | D        | Found a basalt altar of Yredelemnul.
   190 | D        | Found a glowing golden altar of the Shining One.
   190 | D        | Found a sparkling altar of Nemelex Xobeh.
   190 | D        | Found a shimmering altar of Xom.
   190 | D        | Found an opulent altar of Gozag.
   190 | D        | Found an ancient bone altar of Kikubaaqudgha.
   190 | D        | Found a glowing silver altar of Zin.
   190 | D        | Noticed a yak
   191 | D        | Found an iron altar of Okawaru.
   192 | D        | Killed a yak
   192 | D        | Reached skill level 5 in Armour
   192 | D        | Reached skill level 11 in Stealth
   192 | D        | Reached XP level 6. HP: 44/44 MP: 6/6
   193 | D        | Found a bloodstained altar of Trog.
   205 | D        | Became a worshipper of Qazlal Stormbringer
   209 | D        | Noticed Sonja
   209 | D        | Killed a gargoyle
   213 | D        | Killed Sonja
   213 | D        | Reached skill level 13 in Stealth
   213 | D        | Reached XP level 7. HP: 49/49 MP: 7/7
   227 | D        | Noticed a deep troll
   236 | D        | HP: 1/73 [deep troll (12)]
   238 | D        | Mangled by a deep troll

Action                   |  1- 3 |  4- 6 |  7- 9 || total
-------------------------+-------+-------+-------++-------
Melee: Cutlass           |    21 |     4 |     8 ||    33
Throw: Throwing net      |     3 |       |       ||     3
  Use: Potion            |     1 |       |     1 ||     2
 Stab: Held in net/web   |     2 |       |       ||     2
       Sleeping          |       |     4 |       ||     4
